Map: [ESL] Ghost River

Players

herO

  • Race: Protoss Protoss
  • Spawn Location: 1:00

Serral - Winner!

  • Race: Zerg Zerg
  • Spawn Location: 11:00

Event: ESL Spring 2024 Finals

VOD

Have the link to the VOD?

Description

Time

  • Played on: May 31, 2024, 5:06 p.m.
  • Length: 12:45

All games in this series

Show
View Real Time Build Order
Export as new Build Order

herO Protoss 

Build Orders: 1 Gate Expand, Oracle Opening 

Get SALT Encoding   

  12  0:00  Probe  
  13  0:15  Pylon  
  13  0:17  Probe (Chrono Boost)  
  14  0:26  Probe (Chrono Boost)  
  15  0:31  Probe (Chrono Boost)  
  16  0:40  Gateway  
  16  0:43  Probe  
  16  0:47  Assimilator  
  17  0:55  Probe  
  18  1:07  Probe  
  19  1:19  Probe  
  19  1:25  Nexus  
  20  1:36  Cybernetics Core  
  20  1:38  Probe  
  21  1:44  Assimilator  
  21  1:50  Probe  
  21  1:54  Pylon  
  22  2:02  Probe  
  23  2:09  Adept (Chrono Boost)  
  23  2:14  Probe  
  26  2:16  Stargate  
  26  2:26  Warp Gate, Probe (Chrono Boost)  
  27  2:32  Adept  
  30  2:38  Probe (Chrono Boost)  
  30  2:39  Probe (Chrono Boost)  
  32  2:46  Probe x2 (Chrono Boost)  
  33  2:51  Probe (Chrono Boost)  
  33  2:53  Probe  
  35  3:03  Void Ray (Chrono Boost), Probe  
  35  3:05  Probe  
  41  3:12  Pylon  
  41  3:15  Adept  
  41  3:16  Probe  
  41  3:18  Probe  
  45  3:29  Probe  
  45  3:30  Probe  
  45  3:32  Oracle (Chrono Boost)  
  50  3:45  Nexus  
  50  3:50  Pylon  
  50  3:51  Probe x2  
  52  3:58  Pylon  
  52  4:03  Probe  
  52  4:04  Probe  
  52  4:08  Oracle  
  57  4:10  Gateway  
  57  4:15  Adept  
  57  4:17  Assimilator  
  57  4:18  Assimilator, Probe  
  57  4:19  Probe  
  57  4:30  Probe  
  58  4:31  Probe  
  58  4:35  Twilight Council  
  58  4:36  Forge  
  58  4:37  Adept  
  61  4:42  Probe  
  61  4:43  Probe  
  63  4:48  Gateway  
  63  4:51  Gateway  
  63  4:56  Protoss Ground Weapons Level 1 (Chrono Boost), Probe x2  
  63  4:58  Probe  
  63  4:59  Adept  
  68  5:04  Shield Battery  
  67  5:09  Blink (Chrono Boost), Probe x2  
  67  5:10  Probe (Chrono Boost)  
  67  5:12  Gateway  
  72  5:21  Probe (Chrono Boost)  
  72  5:22  Probe (Chrono Boost)  
  72  5:26  Stalker, Probe (Chrono Boost)  
  75  5:31  Probe x2 (Chrono Boost)  
  75  5:34  Probe (Chrono Boost)  
  78  5:35  Pylon  
  78  5:36  Probe x2 (Chrono Boost)  
  80  5:45  Probe  
  80  5:46  Pylon  
  80  5:47  Pylon  
  80  5:49  Stalker x2  
  86  5:59  Pylon x2  
  86  6:01  Stalker x2  
  89  6:05  Gateway  
  81  6:14  Stalker x3  
  87  6:20  Photon Cannon  
  87  6:22  Gateway  
  87  6:24  Stalker x2  
  91  6:34  Protoss Ground Armor Level 1 (Chrono Boost)  
  91  6:38  Pylon  
  91  6:39  Stalker x3  
  97  6:47  Pylon  
  97  6:49  Oracle  
  97  6:50  Charge (Chrono Boost)  
  97  6:51  Stalker x2  
  104  7:02  Stalker x3  
  104  7:03  Pylon  
  104  7:08  Gateway  
  110  7:10  Shield Battery  
  110  7:15  Zealot x2  
  110  7:16  Zealot  
  114  7:32  Stalker x4  
  114  7:36  Pylon  
  122  7:38  Zealot x3  
  128  7:53  Pylon  
  128  7:56  Zealot x4  
  136  8:01  Stalker x3  
  142  8:07  Zealot  
  142  8:18  Zealot x4  
  148  8:25  Zealot x3  
  152  8:31  Zealot  
  101  8:42  Stalker x4  
  100  8:49  Zealot x2  
  100  8:50  Zealot  
  100  8:54  Stalker  
  104  8:56  Protoss Ground Weapons Level 2 (Chrono Boost)  
  104  9:01  Probe x3  
  105  9:10  Stalker x7  
  105  9:12  Nexus  
  105  9:13  Probe x3  
  114  9:17  Zealot  
  115  9:26  Robotics Facility  
  115  9:27  Robotics Facility  
  113  9:34  Stalker x3  
  113  9:37  Zealot x2  
  123  9:42  Zealot x3  
  127  9:52  Pylon  
  125  9:57  Zealot x2, Nexus  
  129  10:00  Sentry x3  
  129  10:06  Pylon  
  131  10:13  Zealot x3  
  135  10:18  Immortal (Chrono Boost)  
  135  10:19  Immortal (Chrono Boost)  
  121  10:34  Zealot, Sentry x2  
  121  10:35  Zealot x4  
  119  10:45  Photon Cannon  
  119  10:46  Shield Battery  
  119  10:48  Immortal (Chrono Boost)  
  119  10:53  Immortal (Chrono Boost)  
  123  11:03  Stalker x3  
  113  11:10  Zealot  
  113  11:11  Zealot x2  
  111  11:17  Sentry  
  101  11:28  Stalker x3  
  107  11:33  Stalker x3  
  108  11:44  Zealot, Immortal (Chrono Boost)  
  108  11:46  Immortal (Chrono Boost)  
  104  12:08  Zealot x5, Sentry x2  
  104  12:09  Shield Battery  
  75  12:30  Zealot x5  
  75  12:32  Zealot x7  
Show
View Real Time Build Order
Export as new Build Order

Serral Zerg - Winner!

Build Orders: Hatch First, Roach Hydra 

Get SALT Encoding   

  12  0:00  Drone  
  13  0:12  Overlord  
  13  0:16  Drone  
  14  0:30  Drone x2  
  16  0:35  Drone  
  17  0:51  Hatchery  
  17  0:55  Drone  
  17  0:57  Drone  
  18  1:09  Extractor  
  17  1:13  Spawning Pool  
  17  1:16  Drone  
  17  1:19  Drone  
  18  1:27  Drone  
  19  1:38  Drone  
  20  1:49  Overlord  
  20  2:00  Queen  
  22  2:02  Queen  
  22  2:03  Zergling x4  
  22  2:08  Metabolic Boost  
  26  2:10  Drone  
  26  2:13  Drone  
  28  2:22  Drone  
  29  2:28  Drone  
  30  2:38  Queen  
  30  2:40  Drone  
  30  2:41  Drone  
  34  2:46  Hatchery  
  34  2:50  Overlord  
  33  2:53  Drone  
  33  2:55  Drone  
  33  2:58  Drone  
  36  3:08  Spore Crawler  
  36  3:10  Overlord  
  35  3:13  Drone  
  35  3:14  Drone x3  
  35  3:17  Queen  
  42  3:22  Drone  
  42  3:26  Zergling x2  
  44  3:31  Queen, Zergling x2  
  47  3:34  Spore Crawler  
  47  3:37  Zergling x4  
  48  3:44  Overlord x2  
  48  3:46  Drone x3  
  52  4:01  Spore Crawler, Queen  
  53  4:03  Drone x6  
  53  4:08  Drone, Spore Crawler  
  59  4:11  Drone  
  59  4:14  Drone  
  59  4:15  Drone  
  60  4:17  Zergling x4  
  60  4:19  Drone x3  
  60  4:23  Zergling x4  
  64  4:26  Drone  
  65  4:34  Roach Warren, Overlord  
  65  4:36  Drone  
  65  4:38  Drone, Extractor  
  65  4:42  Drone  
  65  4:49  Overlord  
  65  4:52  Lair  
  65  4:54  Zergling x2  
  65  4:55  Drone x4  
  65  4:59  Overlord  
  70  5:03  Drone  
  70  5:04  Drone x2  
  70  5:05  Overlord  
  73  5:09  Drone x3  
  73  5:12  Extractor  
  75  5:19  Drone x4  
  75  5:21  Hatchery, Drone  
  79  5:24  Drone x2  
  79  5:27  Spore Crawler  
  80  5:29  Overlord  
  80  5:30  Drone x2  
  80  5:32  Drone  
  80  5:35  Drone  
  84  5:38  Overlord  
  84  5:41  Drone x2, Evolution Chamber  
  84  5:42  Drone x2  
  86  5:45  Extractor  
  86  5:46  Extractor x2  
  86  5:47  Overlord  
  86  5:49  Drone x3  
  86  5:50  Overlord  
  86  5:51  Glial Reconstitution  
  86  5:56  Hatchery  
  85  5:58  Roach  
  85  6:00  Hydralisk Den, Roach  
  85  6:01  Roach  
  90  6:05  Roach x2  
  90  6:10  Roach x3  
  97  6:13  Zerg Missile Weapons Level 1  
  97  6:14  Overlord  
  97  6:17  Roach x2  
  101  6:19  Overseer, Overlord  
  101  6:21  Overlord  
  101  6:27  Zergling x10  
  101  6:30  Overlord  
  101  6:32  Grooved Spines  
  106  6:38  Zergling x2  
  106  6:39  Zergling x10  
  112  6:45  Overlord  
  112  6:47  Hydralisk x4  
  112  6:52  Ravager x2  
  122  6:58  Hydralisk  
  122  6:59  Hydralisk x3  
  130  7:06  Overlord  
  130  7:08  Hydralisk x3  
  130  7:09  Zergling x6  
  130  7:12  Overlord  
  139  7:20  Hydralisk x3  
  139  7:21  Hydralisk  
  143  7:28  Roach x4  
  147  7:35  Muscular Augments  
  147  7:37  Hydralisk  
  147  7:39  Overlord  
  147  7:40  Overlord  
  149  7:44  Roach x5  
  149  7:49  Overlord x2  
  159  7:52  Roach x2  
  159  7:57  Roach x4  
  168  8:05  Roach x5  
  170  8:13  Roach x4  
  170  8:14  Roach  
  170  8:19  Zerg Missile Weapons Level 2  
  176  8:20  Zergling x6  
  176  8:25  Zergling x10  
  184  8:28  Zergling x2, Roach  
  159  8:34  Zergling x2, Roach x2  
  159  8:40  Hydralisk x2  
  138  8:46  Hydralisk  
  138  8:47  Zergling x4  
  138  8:48  Zergling x2  
  135  8:53  Hydralisk x2  
  133  8:57  Zergling x8  
  133  9:01  Hydralisk  
  133  9:02  Hydralisk  
  141  9:05  Hydralisk  
  141  9:06  Zergling x2  
  138  9:11  Hydralisk x2  
  137  9:18  Hydralisk x2  
  137  9:23  Hydralisk  
  137  9:24  Hydralisk x2  
  139  9:28  Hydralisk x2  
  146  9:34  Hydralisk x2  
  148  9:41  Hydralisk x4  
  154  9:46  Roach x2  
  154  9:53  Roach  
  154  9:54  Roach x4  
  154  9:56  Ravager  
  154  9:59  Zergling x8  
  166  10:03  Zergling x2, Roach x2  
  166  10:04  Zergling x2  
  162  10:12  Roach x5  
  170  10:21  Roach x5  
  170  10:24  Roach  
  164  10:31  Hydralisk x4  
  165  10:40  Zergling x2, Roach x5  
  165  10:42  Zergling x2  
  173  10:46  Overseer  
  173  10:52  Hydralisk  
  173  10:53  Zergling x2, Hydralisk x3  
  173  10:54  Zergling x2  
  173  10:56  Overlord  
  162  11:04  Hydralisk x3  
  162  11:05  Zergling x8  
  162  11:09  Hydralisk  
  162  11:10  Zergling x2, Hydralisk  
  162  11:16  Hydralisk x2  
  162  11:17  Zergling x2  
  167  11:24  Hydralisk x3  
  163  11:29  Zergling x8  
  167  11:38  Zergling x6, Hydralisk x2  
  167  11:39  Zergling x2  
  161  11:43  Zergling x8  
  158  11:52  Ravager x2  
  158  11:54  Zergling x2, Roach x5  
  170  12:00  Zergling x2, Hydralisk x2  
  170  12:01  Zergling x2  
  170  12:04  Ravager x3  
  170  12:08  Zergling x2, Hydralisk  
  171  12:09  Zergling x6  
  168  12:17  Hydralisk x3  
  168  12:18  Zergling x4  
  160  12:26  Zergling x8  
Tags
 
Add a new tag
Caveats
  • Supply blocks, unpowered buildings, or Contaminate may cause inaccurate times.
  • Supply counts are checked every 10 seconds.